 Dungeon Crawl Stone Soup version 0.30-a0-358-g0d69a1922f (webtiles) character file.

Game seed: 15019939029382774628

1470 koil the Slasher (level 8, 0/67 HPs)
             Began as a Minotaur Wanderer on Nov 9, 2022.
             Was a Believer of Ru.
             Slain by a troll (6 damage)
             ... on level 6 of the Dungeon.
             The game lasted 00:20:34 (4859 turns).

koil the Slasher (Minotaur Wanderer)                Turns: 4859, Time: 00:20:35

Health: 0/67       AC: 13    Str: 15    XL:     8   Next: 49%
Magic:  7/7        EV:  5    Int:  7    God:    Ru [**....]
Gold:   189        SH:  5    Dex: 22    Spells: 7/7 levels left

rFire   . . .      SeeInvis .    b - +3 mace (drain)
rCold   . . .      Faith    .    (no shield)
rNeg    . . .      Spirit   .    v - +0 plate armour
rPois   .          Reflect  +    (helmet restricted)
rElec   .          Harm     .    m - +0 cloak
rCorr   .          Rampage  .    p - +0 pair of gloves
Will    +....                    r - +0 pair of boots
Stlth   ..........               E - amulet of reflection
HPRegen 0.31/turn                j - ring of willpower
MPRegen 0.10/turn                F - +6 ring of dexterity

@: no status effects
A: horns 2, inability to train armour, unskilled 1, retaliatory headbutt
a: Renounce Religion


You were on level 6 of the Dungeon.
You worshipped Ru.
Ru was pleased with you.
You visited 1 branch of the dungeon, and saw 6 of its levels.

You collected 266 gold pieces.
You spent 77 gold pieces at shops.

Inventory:

Hand Weapons
 a - the +5 sling of Internal Strife {vorpal, Dex+4}
   (You found it on level 4 of the Dungeon)

   Any ammunition fired from it inflicts extra damage upon your enemies.
   Dex:       It affects your dexterity (+4).
 b - a +3 mace of draining (weapon)
 n - a +0 lajatang
 t - a +1 war axe of holy wrath
 w - a +0 falchion
 y - a +0 hand axe of freezing
 H - a +2 short sword of draining
 N - a +0 dagger of venom
Armour
 f - a +0 leather armour
 m - a +0 cloak (worn)
 p - a +0 pair of gloves (worn)
 r - a +0 pair of boots (worn)
 v - a +0 plate armour (worn)
 L - the +0 ring mail of Wiunaet {rF+ Int+2}
   (You found it on level 4 of the Dungeon)

   Int:       It affects your intelligence (+2).
   rF:        It protects you from fire.
 O - a +2 robe of fire resistance
Jewellery
 j - a ring of willpower (left hand)
 o - a ring of protection from cold
 q - a ring of willpower
 u - a ring of resist corrosion
 E - an amulet of reflection (around neck)
 F - a +6 ring of dexterity (right hand)
 J - a ring of positive energy
Wands
 x - a wand of digging (3)
Scrolls
 c - 2 scrolls of blinking
 e - 6 scrolls of teleportation
 g - a scroll of enchant weapon
 B - 2 scrolls of summoning
 C - a scroll of immolation
 M - a scroll of fear
Potions
 h - 2 potions of lignification
 i - a potion of cancellation
 k - 2 potions of haste
 l - a potion of resistance
 s - a potion of might
 A - a potion of invisibility
 G - a potion of curing
 I - a potion of heal wounds
Miscellaneous
 d - a piece from Xom's chessboard (15/15) (quivered)


   Skills:
 + Level 4.9 Fighting
 + Level 5.9 Long Blades
 + Level 3.2 Ranged Weapons
   Level 0.0 Armour
 + Level 4.3 Dodging
 - Level 3.0 Unarmed Combat
 + Level 3.5 Evocations


You had 7 spell levels left.
You didn't know any spells.
Your spell library contained the following spells:

 Spells                   Type           Power      Damage    Failure   Level
 Freeze                   Ice            0%         1d3       100%        1
 Static Discharge         Conj/Air       0%         2-2/arc   100%        2
 Frozen Ramparts          Ice            0%         1d1       100%        3
 Hailstorm                Conj/Ice       0%         3d3       100%        3
 Ignite Poison            Fire/Tmut/Pois 0%         N/A       100%        3
 Kindle Blastsparks       Fire/Tloc/Air  0%         2d10      100%        3
 Vhi's Electric Charge    Tloc/Air       0%         N/A       100%        3
 Summon Lightning Spire   Summ/Air       0%         N/A       100%        4
 Arcjolt                  Conj/Air       0%         1d10      100%        5
 Freezing Cloud           Conj/Ice/Air   0%         6-21      100%        5
 Lightning Bolt           Conj/Air       0%         1d11      100%        5
 Storm Form               Tmut/Air       0%         N/A       100%        7
 Maxwell's Capacitive Co  Air            0%         ∞         100%        8


Dungeon Overview and Level Annotations

Branches:
Dungeon (6/15)
 Temple: D:4-7

Altars:
Ru
Uskayaw
Zin
The Shining One

Shops:
D:2 !


Innate Abilities, Weirdness & Mutations

You have a pair of horns on your head.
You cannot train Armour skill.
You are somewhat unskilled. (-1 Apt)
You reflexively headbutt those who attack you in melee.


Message History

Okay, then.
Unknown command.
Search for what [Enter for "arm", or ? for help]? sword Unknown command.
Unknown command.
A troll comes into view.
You shoot a sling bullet. The troll shouts!
The sling bullet hits the troll!
The troll is moderately wounded.
You shoot a sling bullet.
The sling bullet hits the troll but does no damage.
The troll is moderately wounded.
You shoot a sling bullet. The sling bullet hits the troll.
The troll is moderately wounded.
You shoot a sling bullet. The sling bullet hits the troll!
The troll is heavily wounded.
The troll bites you!
The troll claws you but does no damage. x2
The troll bites you. The troll claws you. The troll claws you!
* * * LOW HITPOINT WARNING * * *
You are too injured to fight recklessly!
You are too injured to fight recklessly!
You are too injured to fight recklessly!
You are too injured to fight recklessly!
You are too injured to fight recklessly!
You are too injured to fight recklessly!
You sense an unholy aura.
b - a +3 mace of draining (weapon)
The troll bites you but does no damage. The troll barely misses you.
The troll claws you.
* * * LOW HITPOINT WARNING * * *
You are too injured to fight recklessly!
You are too injured to fight recklessly!
You are too injured to fight recklessly!
You thump the troll!
The troll is severely wounded.
The troll bites you!
* * * LOW HITPOINT WARNING * * *
The troll claws you.
You die...

####.# #.# #.# #.#
#.# #.#
####.######.###.###.≈
$...................≈
.....######.....###
..#....######...#
#......)).......#
#....@........#
.....#T######.#.# ###
#. #..... #. #####...
#. ... #. .. .. ..


You could see a troll.

Vanquished Creatures
  Prince Ribbit (D:6)
  An ice beast (D:5)
  A black bear (D:5)
  An ogre (D:4)
  3 centaurs
  A phantom (D:5)
  A bullfrog (D:5)
  3 scorpions
  A hound (D:5)
  An orc priest (D:6)
  4 orc wizards
  3 iguanas
  4 adders
  5 gnolls
  2 ufetubi
  5 worms
  3 dart slugs
  23 orcs
  13 endoplasms
  3 giant cockroaches
  4 goblins
  6 hobgoblins
  3 kobolds
  4 quokkas
  6 ball pythons
  6 bats
  4 frilled lizards
  6 rats
118 creatures vanquished.

Notes
Turn   | Place    | Note
-------+----------+-------------------------------------------
     0 | D:1      | koil the Minotaur Wanderer began the quest for the Orb.
     0 | D:1      | koil set off with the following items: a +0 falchion, a
                  | scroll of summoning, a scroll of blinking, a piece from
                  | Xom's chessboard (15/15), a scroll of teleportation, a +0
                  | leather armour.
     0 | D:1      | Reached XP level 1. HP: 16/16 MP: 0/0
   121 | D:1      | Reached XP level 2. HP: 13/23 MP: 1/1
   501 | D:1      | Reached skill level 1 in Dodging
   501 | D:1      | Reached XP level 3. HP: 24/29 MP: 2/2
   911 | D:2      | Found a sacrificial altar of Ru.
   918 | D:2      | Reached skill level 4 in Long Blades
   924 | D:2      | Became a worshipper of Ru the Awakened
   939 | D:2      | Found Jacoluo's Distillery.
   968 | D:2      | Bought a potion of heal wounds for 55 gold pieces
   968 | D:2      | Bought 2 potions of degeneration for 22 gold pieces
  1621 | D:3      | Reached XP level 4. HP: 19/36 MP: 3/3
  1899 | D:3      | HP: 7/37 [gnoll/+0 whip (2)]
  1980 | D:4      | Reached XP level 5. HP: 20/42 MP: 4/4
  1980 | D:4      | Gained mutation: You are somewhat unskilled. (-1 Apt) [Ru
                  | sacrifice]
  1980 | D:4      | Reduced skill Dodging to level 1
  1980 | D:4      | Reduced skill Evocations to level 1
  1980 | D:4      | Reached * piety under Ru
  2083 | D:4      | Identified the +5 sling of Internal Strife {vorpal, Dex+4}
  2263 | D:3      | HP: 7/42 [gnoll/+0 halberd (6)]
  2468 | D:3      | Found a glowing golden altar of the Shining One.
  2644 | D:4      | Found a sacrificial altar of Ru.
  2760 | D:4      | Noticed an ogre
  2765 | D:4      | Killed an ogre
  2766 | D:4      | Reached XP level 6. HP: 51/51 MP: 5/5
  3299 | D:4      | Identified the +0 ring mail of Wiunaet {rF+ Int+2}
  3582 | D:5      | Entered Level 5 of the Dungeon
  3647 | D:5      | Reached skill level 1 in Ranged Weapons
  3674 | D:5      | Reached XP level 7. HP: 38/57 MP: 6/6
  3821 | D:5      | Reached skill level 5 in Long Blades
  4068 | D:5      | Reached XP level 8. HP: 52/66 MP: 7/7
  4275 | D:5      | Found a glowing silver altar of Zin.
  4536 | D:5      | Found a hide-covered altar of Uskayaw.
  4697 | D:6      | Reached skill level 5 in Armour
  4754 | D:6      | Noticed Prince Ribbit
  4762 | D:6      | Killed Prince Ribbit
  4787 | D:6      | Gained mutation: You cannot train Armour skill. [Ru
                  | sacrifice]
  4787 | D:6      | Reached ** piety under Ru
  4853 | D:6      | Noticed a troll
  4859 | D:6      | HP: 6/67 [troll (12)]
  4859 | D:6      | Slain by a troll

Illustrated notes

Levels and vault maps discovered:
D:1:      dpeg_arrival_connections, layout_loops_cross,
          nicolae_concentric_dashed_squares_wild
D:2:      layout_loops_cross, serial_shops, nicolae_shop_waterfront,
          basic_altar, kennysheep_generic_room_8
D:3:      layout_rooms, lemuel_doored_altar
D:4:      layout_basic, mainiacjoe_overflow_concentric_impassable
D:5:      layout_loops_cross, mainiacjoe_overflow_alcove_4, lemuel_round_altar
D:6:      nicolae_whirlpool, layout_basic, lemuel_round_altar, uniq_grinder,
          uniq_prince_ribbit1

Skill      XL: |  1  2  3  4  5  6  7  8 |
---------------+-------------------------+-----
Fighting       | 2 3 4 |  4.9
Dodging        | 1 2 2 3 4 |  4.3
Long Blades    | 4 5 |  5.9
Armour         | 3 4 0 |  0.0
Evocations     | 2 2 3 |  3.5
Ranged Weapons | 1 2 3 |  3.2
Unarmed Combat | |  3.0

Action                   |  1- 3 |  4- 6 |  7- 9 || total
-------------------------+-------+-------+-------++-------
Melee: Falchion          |   117 |    35 |       ||   152
       Headbutt          |    22 |     6 |       ||    28
       Mace              |       |       |     1 ||     1
 Fire: Sling             |       |    91 |    95 ||   186
Invok: Sacrifice Skill   |       |     1 |       ||     1
       Sacrifice Durabil |       |       |     1 ||     1
Evoke: Piece from Xom's  |       |     1 |       ||     1
  Use: Potion            |       |     1 |     2 ||     3
       Scroll            |       |       |    11 ||    11
 Stab: Sleeping          |     1 |       |       ||     1
Armor: Leather armour    |    21 |       |       ||    21
       Plate armour      |    36 |    99 |    64 ||   199
Dodge: Dodged            |    48 |    43 |    28 ||   119
Block: Other             |       |    11 |    19 ||    30
       Reflection        |       |       |     1 ||     1

Table legend: (Time is in decaauts)
 A = Elapsed time spent in this place.
 B = Non-inter-level travel time spent in this place.
 C = Inter-level travel time spent in this place.
 D = Time resting spent in this place.
 E = Time spent auto-exploring this place.
 F = Levels seen in this place.
 G = Mean time per level.
                   A        B        C        D        E       F      G
               +--------+--------+--------+--------+--------+-----+--------+
         Total |   5040 |   4815 |    225 |    280 |   3499 |   6 |  840.0 |
       Dungeon |   5040 |   4815 |    225 |    280 |   3499 |   6 |  840.0 |
               +--------+--------+--------+--------+--------+-----+--------+

Top non-repeatable levels by time:
     D:5: 1171 daAuts
     D:4: 1166 daAuts
     D:1: 914 daAuts
     D:2: 807 daAuts
     D:3: 776 daAuts
     D:6: 204 daAuts
